Kradschützen Motorcycle Team
Selects Panzerjäger Kommand Battlegroup
Construct Light Support Kompanie
Panzerjäger Mechanized Group
Construct Panzerarmee Kommand
Selects Defensive Positions
Walking Stuka Rocket Launcher
Walking Stuka Rocket Launcher
Construct Mechanized Kompanie
18-tonne Recovery Half-track
Selects Crew Shock Tactics
Selects Anti-tank Overwatch
Selects Butterfly Bomb Drop
18-tonne Recovery Half-track